 Dungeon Crawl Stone Soup version 0.25-a0-578-gc91f01c39c (webtiles) character file.

Game seed: 4005520742726872555, levelgen mode: deterministic

388 mopl the Cudgeler (level 6, -3/40 HPs)
             Began as a Gargoyle Monk on Mar 4, 2020.
             Killed by divine providence
             ... invoked by an orc priest
              (7 damage)
             ... on level 5 of the Dungeon.
             The game lasted 00:04:59 (3893 turns).

mopl the Cudgeler (Gargoyle Monk)                   Turns: 3893, Time: 00:04:59

Health: -3/40      AC: 14    Str: 17    XL:     6   Next: 79%
Magic:  6/6        EV:  7    Int: 10    God:
Gold:   210        SH:  0    Dex: 12    Spells: 5/5 levels left

rFire    + . .     SeeInvis .   a - +0 flail
rCold    . . .     Gourm    .   (no shield)
rNeg     + . .     Faith    .   p - +2 chain mail {rF+}
rPois    ∞         Spirit   .   (no helmet)
rElec    +         Reflect  .   (no cloak)
rCorr    .         Harm     .   (no gloves)
MR       .....                  (no boots)
Stlth    ..........             n - amulet of rage
HPRegen  0.13/turn              (no ring)
MPRegen  0.10/turn              (no ring)

@: no status effects
A: negative energy resistance 1, electricity resistance, unbreathing,
petrification resistance, rot immunity, AC +4
a: Evoke Berserk Rage


You were on level 5 of the Dungeon.
You were not hungry.

You visited 1 branch of the dungeon, and saw 5 of its levels.

You collected 210 gold pieces.

Inventory:

Hand Weapons
 a - a +0 flail (weapon)
 u - a +0 antimagic spear
Missiles
 m - 15 poisoned darts (quivered)
 t - a throwing net
Armour
 p - a +2 chain mail of fire resistance (worn)
Jewellery
 n - an amulet of rage (around neck)
Wands
 q - a wand of random effects (21)
Scrolls
 b - 3 scrolls of remove curse
 d - a scroll of teleportation {unknown}
 f - a scroll of noise {unknown}
 g - 3 scrolls of identify {unknown}
 h - 2 scrolls of fear {unknown}
 i - a scroll of blinking {unknown}
 j - a scroll of fog {unknown}
 r - a scroll of enchant armour {unknown}
Potions
 e - 4 potions of curing {unknown}
 k - a potion of ambrosia {unknown}
 l - a potion of heal wounds
 o - a potion of degeneration {unknown}
 s - a potion of mutation {unknown}
Comestibles
 c - 3 rations
 v - 6 chunks of flesh


   Skills:
 + Level 5.2 Fighting
 * Level 6.1 Maces & Flails
 - Level 2.4 Dodging
 - Level 2.1 Stealth
 + Level 1.0 Evocations


You had 5 spell levels left.
You didn't know any spells.
Your spell library was empty.

Dungeon Overview and Level Annotations

Branches:
Dungeon (5/15)
 Temple: D:4-7

Altars:
Ashenzari
Elyvilon
Makhleb

Annotations:
D:1 fly


Innate Abilities, Weirdness & Mutations

You are resistant to torment.
Your stone body is resilient. (AC +4)
You are immune to poison.
You resist negative energy. (rN+)
You are resistant to electric shocks. (rElec)
You can survive without breathing.
You are immune to petrification.
You are immune to rotting.


Message History

The orc wizard casts a cantrip, but nothing happens.
The orc wizard gestures wildly while chanting.
The orc wizard flickers and vanishes!
Deactivating autopickup; reactivate with Ctrl-A.
There is a stone staircase leading down here.
You climb downwards.
Reactivating autopickup.
An ice beast comes into view.
Found a ration and 14 gold pieces.
Found a stone staircase leading down.
There is a stone staircase leading up here.
The orc priest barely misses you. The ice beast barely misses you.
The orc priest looks braver for a moment.
The orc priest calls down the wrath of Beogh upon you.
Beogh smites you!
* * * LOW HITPOINT WARNING * * *
The orc priest looks satisfied for a moment.
There is a stone staircase leading down here.
The orc priest calls down the wrath of Beogh upon you.
Beogh smites you!
You die...

#.. #.# .. ..#
#.##.# ..#.#
#.#.# #...#
..####..#
.......@#
..#####Y######
#.....$#
#.o....#
#<....%#
#......#
#......#
#......#
#......#


You could see an ice beast and an orc priest.

Vanquished Creatures
  An ogre (D:4)
  A hound (D:4)
  A centaur skeleton (D:4)
  Ijyb (D:3)
  A worker ant (D:4)
  5 adders
  6 gnolls
  3 worms
  2 dart slugs (D:3)
  4 leopard geckos
  7 orcs
  3 giant cockroaches
  5 goblins
  6 hobgoblins
  2 quokkas
  2 ball pythons (D:1)
  9 bats
  4 frilled lizards
  6 kobolds
  5 rats
74 creatures vanquished.

Notes
Turn   | Place    | Note
-------+----------+-------------------------------------------
     0 | D:1      | mopl the Gargoyle Monk began the quest for the Orb.
     0 | D:1      | Reached XP level 1. HP: 14/14 MP: 1/1
   350 | D:1      | Reached XP level 2. HP: 11/19 MP: 2/2
  1004 | D:2      | Reached XP level 3. HP: 21/24 MP: 3/3
  1100 | D:2      | Reached skill level 4 in Maces & Flails
  1117 | D:2      | Found a burning altar of Makhleb.
  1187 | D:2      | Found a shattered altar of Ashenzari.
  1190 | D:2      | Found a white marble altar of Elyvilon.
  1223 | D:2      | Reached skill level 4 in Fighting
  1374 | D:2      | Reached XP level 4. HP: 26/29 MP: 4/4
  2903 | D:3      | Noticed Ijyb
  2935 | D:3      | Killed Ijyb
  2935 | D:3      | Reached XP level 5. HP: 26/34 MP: 5/5
  2936 | D:3      | Reached skill level 5 in Maces & Flails
  3462 | D:4      | Reached XP level 6. HP: 25/40 MP: 6/6
  3473 | D:4      | Reached skill level 5 in Fighting
  3798 | D:4      | Reached skill level 6 in Maces & Flails
  3872 | D:4      | Reached skill level 1 in Evocations
  3888 | D:5      | Entered Level 5 of the Dungeon
  3888 | D:5      | Noticed an ice beast
  3893 | D:5      | Killed from afar by an orc priest

Levels and vault maps discovered:
D:1:      dpeg_arrival_chase, layout_basic
D:2:      layout_basic, nicolae_overflow_hidden_temple,
          grunt_temple_overflow_open
D:3:      layout_rooms, serial_bayou_crossing, uniq_ijyb
D:4:      layout_basic, first_ration
D:5:      layout_basic, chequers_temple_overflow_statue_of_worship,
          overflow_temple_1_default, minmay_temple_entry_stoned_glass,
          uniq_duvessa, uniq_prince_ribbit1

Skill      XL: |  1  2  3  4  5  6 |
---------------+-------------------+-----
Maces & Flails | 4 5 6 |  6.1
Fighting       | 4 5 |  5.2
Evocations     | 1 |  1.0
Dodging        | |  2.4
Stealth        | |  2.1

Action                   |  1- 3 |  4- 6 || total
-------------------------+-------+-------++-------
Melee: Mace              |   116 |    47 ||   163
       Flail             |       |   187 ||   187
 Abil: Evoke Berserk Rag |       |     1 ||     1
  Use: Scroll            |     1 |       ||     1
 Stab: Sleeping          |     3 |       ||     3
  Eat: Chunk             |     2 |     9 ||    11
Armor: Ring mail         |    47 |    34 ||    81
       Robe              |    14 |       ||    14
       Chain mail        |       |    91 ||    91
Dodge: Dodged            |   100 |   120 ||   220

Table legend:
 A = Non-vault XP
 B = Vault XP
 C = Vault XP percentage of total XP
 D = Non-vault monster count
 E = Vault monster count
 F = Vault count percentage of total count
                 A         B        C        D         E       F
            +---------+---------+-------+---------+---------+-------
      Total |     517 |      38 |   6.8 |      73 |       1 |   1.4
            +---------+---------+-------+---------+---------+-------
        D:1 |      16 |       0 |   0.0 |      12 |       0 |   0.0
        D:2 |     109 |       0 |   0.0 |      26 |       0 |   0.0
        D:3 |     121 |      38 |  23.9 |      25 |       1 |   3.8
        D:4 |     271 |       0 |   0.0 |      10 |       0 |   0.0
            +---------+---------+-------+---------+---------+-------
